 Dungeon Crawl Stone Soup version 0.29.1-1-gd02db6906a (webtiles) character file.

Game seed: 2896701089149318569

3047 LustLizard the Covert (level 9, -1/46 HPs)
             Began as a Spriggan Arcane Marksman on Sept 27, 2022.
             Was an Initiate of Dithmenos.
             Slain by a chaos spawn (6 damage)
             ... summoned by a kobold demonologist
             ... on level 6 of the Dungeon.
             The game lasted 00:24:53 (8992 turns).

LustLizard the Covert (Spriggan Arcane Marksman)    Turns: 8992, Time: 00:24:53

Health: -1/46      AC:  4    Str:  6    XL:     9   Next: 56%
Magic:  12/12      EV: 18    Int: 14    God:    Dithmenos [......]
Gold:   49         SH:  0    Dex: 20    Spells: 6/10 levels left

rFire   . . .      SeeInvis +   a - +2 sling
rCold   . . .      Faith    .   (no shield)
rNeg    + . .      Spirit   .   c - +1 robe
rPois   +          Reflect  .   (helmet restricted)
rElec   .          Harm     .   E - +0 cloak
rCorr   .          Rampage  .   (gloves unavailable)
Will    +....                   (boots unavailable)
Stlth   ++........              z - amulet of regeneration
HPRegen 0.95/turn               s - ring of positive energy
MPRegen 0.13/turn               G - ring of poison resistance

@: confused, very quick
A: very small, no large weapons, unfitting armour, see invisible, speed 3
a: Renounce Religion


You were on level 6 of the Dungeon.
You worshipped Dithmenos.
Dithmenos was noncommittal.
You visited 2 branches of the dungeon, and saw 8 of its levels.

You collected 470 gold pieces.
You spent 421 gold pieces at shops.

Inventory:

Hand Weapons
 a - a +2 sling (weapon)
Missiles
 F - a throwing net
Armour
 c - a +1 robe (worn)
 E - a +0 cloak (worn)
Jewellery
 s - a ring of positive energy (left hand)
 z - an amulet of regeneration (around neck)
 C - an amulet of reflection
 G - a ring of poison resistance (right hand)
 H - a +6 ring of intelligence
Wands
 w - a wand of flame (38)
 y - a wand of charming (14)
 B - a wand of acid (13)
Scrolls
 b - a scroll of poison
 g - 2 scrolls of enchant weapon
 h - 4 scrolls of enchant armour
 i - a scroll of butterflies {unknown}
 j - a scroll of silence
 k - a scroll of vulnerability {unknown}
 m - 2 scrolls of teleportation
 r - a scroll of amnesia {unknown}
 t - a scroll of magic mapping {unknown}
 v - 2 scrolls of fear {unknown}
 A - a scroll of blinking {unknown}
 I - a scroll of brand weapon {unknown}
Potions
 d - a potion of haste
 e - 2 potions of flight
 f - a potion of lignification
 l - a potion of degeneration
 n - 3 potions of invisibility {unknown}
 o - a potion of ambrosia
 p - a potion of cancellation {unknown}
 q - 2 potions of mutation
 u - 2 potions of curing {unknown}
 x - a potion of resistance {unknown}
 D - a potion of heal wounds


   Skills:
 + Level 4.7 Fighting
 * Level 8.5 Ranged Weapons
 - Level 2.6 Dodging
 * Level 12.6 Stealth
 - Level 1.3 Spellcasting
 - Level 4.0 Hexes
 - Level 4.0 Translocations


You had 6 spell levels left.
You knew the following spells:

 Your Spells              Type           Power      Damage    Failure   Level
a - Slow                  Hex            48%        N/A       4%          1
b - Portal Projectile     Hex/Tloc       24%        N/A       14%         3

Your spell library contained the following spells:

 Spells                   Type           Power      Damage    Failure   Level
 Gell's Gravitas          Tloc           12%        N/A       14%         3
 Lesser Beckoning         Tloc           12%        N/A       14%         3
 Teleport Other           Tloc           12%        N/A       14%         3
 Inner Flame              Hex/Fire       6%         N/A       32%         3
 Cause Fear               Hex            6%         N/A       43%         4


Dungeon Overview and Level Annotations

Branches:
Dungeon (7/15)             Temple (1/1) D:6

Altars:
Ashenzari
Cheibriados
Dithmenos
Fedhas
Gozag
Makhleb
Nemelex Xobeh
Okawaru
Qazlal
Ru
Uskayaw
Wu Jian
Zin
The Shining One

Shops:
D:2 =   D:6 *

Annotations:
D:4 2 transporters


Innate Abilities, Weirdness & Mutations

You are very small and have problems with some larger weapons.
You are too small for most types of armour.
You have supernaturally acute eyesight. (SInv)
You cover ground extremely quickly. (Speed+++)


Message History

Press: ? - help, Q - select action, (/) - cycle Dir - look around, f - activate Look: a kobold demonologist, wielding a +0 dagger and wearing a +0 robe (almost dead)
You shoot a sling bullet.
The sling bullet closely misses the chaos spawn.
The chaos spawn gores you!
You are engulfed in flames!
The kobold demonologist hits you with a +0 dagger.
The ufetubus barely misses you.
The ufetubus hits you but does no damage.
The iron imp misses you. The shadow imp closely misses you.
Non-targeted confused fire: a) +2 sling
Press: ? - help, Q - select action, (/) - cycle Dir - look around, f - activate Look: a kobold demonologist, wielding a +0 dagger and wearing a +0 robe (almost dead)
You shoot a sling bullet. The ufetubus completely misses you.
The ufetubus misses you. The chaos spawn misses you.
The kobold demonologist barely misses you.
The iron imp misses you. The shadow imp completely misses you.
The ufetubus barely misses you. The ufetubus closely misses you.
Non-targeted confused fire: a) +2 sling
Press: ? - help, Q - select action, (/) - cycle Dir - look around, f - activate Look: a kobold demonologist, wielding a +0 dagger and wearing a +0 robe (almost dead)
You shoot a sling bullet.
The sling bullet barely misses the chaos spawn.
The chaos spawn hits you.
The kobold demonologist hits you but does no damage.
The ufetubus completely misses you. The ufetubus misses you.
The shadow imp picks up a beetle and eats it.
The shadow imp gestures at you. Pain shoots through your body!
* * * LOW HITPOINT WARNING * * *
The iron imp closely misses you.
You clumsily bash the kobold demonologist but do no damage.
Your punch misses the kobold demonologist.
The kobold demonologist is almost dead.
The ufetubus barely misses you.
The ufetubus hits you but does no damage.
The chaos spawn gores you!
* * * LOW HITPOINT WARNING * * *
Space warps around you.
You die...

≈≈≈≈≈~~~~~....~~~~≈≈≈≈~~...######
≈≈~~~~####....#..~~~≈≈≈≈~..##....
~~~..## #....#....~~~≈≈~........
~....# ######......~~~~.......#
8....######......##..###...##...#
8###......#..##..##############'#
.# #......#..##..##........#....)
.# #......#..##5K5.........#.....
## #......#.....@4.........##...#
.#####....#..##5.##........##...#
.'...#....#..##).##...##...##...#
.#...#....#...'..##...##...##...#
.#...#....#####...#...#....##...#
######....#..##'###...#....##...#
..........#..##..##...###..##.).#
..........#......##...###..##...#
##........'.(....#.........##...#


You could see a kobold demonologist, a chaos spawn (summoned), an iron imp
(summoned), a shadow imp (summoned) and an ufetubus (summoned).

Vanquished Creatures
  A kobold demonologist (D:5)
  4 water moccasins
  2 ice beasts (D:6)
  4 black bears
  5 ogres
  2 phantoms (D:6)
  A kobold brigand (D:6)
  2 bullfrogs
  2 scorpions
  A necrophage (D:6)
  5 wights
  A howler monkey (D:5)
  A jelly (D:5)
  An orc priest (D:4)
  2 iguanas
  Ijyb (D:5)
  3 orc wizards
  9 gnolls
  9 adders
  An ufetubus (D:5)
  4 dart slugs
  17 orcs
  8 endoplasms
  2 giant cockroaches
  33 goblins
  31 hobgoblins
  5 jackals (D:2)
  3 quokkas
  5 ball pythons
  7 bats
  2 frilled lizards (D:1)
  16 kobolds
  6 rats
196 creatures vanquished.

Vanquished Creatures (others)
  An ufetubus (D:5)
  13 plants (D:6)
14 creatures vanquished.

Grand Total: 210 creatures vanquished

Notes
Turn   | Place    | Note
-------+----------+-------------------------------------------
     0 | D:1      | LustLizard the Spriggan Arcane Marksman began the quest for
                  | the Orb.
     0 | D:1      | Reached XP level 1. HP: 9/9 MP: 3/3
    43 | D:1      | Reached skill level 1 in Stealth
   214 | D:1      | Reached XP level 2. HP: 14/14 MP: 5/5
   301 | D:1      | Reached skill level 1 in Fighting
   418 | D:1      | Reached skill level 2 in Stealth
   766 | D:2      | Reached XP level 3. HP: 15/18 MP: 6/6
   839 | D:2      | Found Segg's Jewellery Boutique.
   941 | D:2      | Reached skill level 3 in Stealth
  1320 | D:2      | Reached XP level 4. HP: 22/22 MP: 7/7
  1824 | D:3      | Found a hide-covered altar of Uskayaw.
  1987 | D:3      | Found a glowing silver altar of Zin.
  2017 | D:3      | Found a faded altar of an unknown god.
  2671 | D:4      | Found a sacrificial altar of Ru.
  2721 | D:4      | Reached skill level 4 in Stealth
  2778 | D:4      | Found a transporter.
  2783 | D:4      | Found a transporter.
  2785 | D:4      | Noticed a steam dragon
  2794 | D:4      | Found a stormy altar of Qazlal.
  2891 | D:4      | Reached XP level 5. HP: 26/26 MP: 8/8
  2916 | D:4      | Learned a level 3 spell: Portal Projectile
  3080 | D:4      | Reached skill level 5 in Stealth
  3080 | D:4      | Reached skill level 1 in Translocations
  3973 | D:4      | Reached XP level 6. HP: 23/30 MP: 9/9
  4922 | D:5      | Entered Level 5 of the Dungeon
  4982 | D:5      | Reached skill level 6 in Stealth
  4992 | D:5      | Noticed a water moccasin
  5201 | D:5      | Reached XP level 7. HP: 29/35 MP: 7/10
  5334 | D:5      | Noticed a kobold demonologist
  5602 | D:5      | Reached skill level 5 in Ranged Weapons
  5602 | D:5      | Reached skill level 7 in Stealth
  5652 | D:5      | Noticed Ijyb
  5849 | D:5      | Reached skill level 8 in Stealth
  6008 | D:5      | Killed Ijyb
  6009 | D:5      | Reached XP level 8. HP: 19/40 MP: 11/11
  6261 | D:6      | Found Jegiff's Assorted Antiques.
  6336 | D:6      | Reached skill level 9 in Stealth
  6659 | D:5      | Reached skill level 10 in Stealth
  6736 | D:5      | Noticed a sixfirhy
  6738 | D:5      | Killed a kobold demonologist
  6847 | D:6      | Found a broken altar of Ashenzari.
  7019 | D:6      | Reached skill level 11 in Stealth
  7019 | D:6      | Reached XP level 9. HP: 36/45 MP: 12/12
  7435 | D:6      | Found a staircase to the Ecumenical Temple.
  7441 | Temple   | Entered the Ecumenical Temple
  7471 | Temple   | Became a worshipper of Dithmenos the Shadowed
  7978 | D:6      | Found a blossoming altar of Fedhas.
  8232 | D:6      | Bought a runed sapphire ring for 165 gold pieces
  8232 | D:6      | Bought a marble ring for 165 gold pieces
  8232 | D:6      | Bought a fizzy black potion for 29 gold pieces
  8232 | D:6      | Bought a fizzy black potion for 29 gold pieces
  8232 | D:6      | Bought a scroll labelled PIFAFEMUUZU for 33 gold pieces
  8293 | D:6      | Reached skill level 12 in Stealth
  8411 | D:7      | Noticed a kobold demonologist
  8970 | D:7      | Noticed a sun demon
  8992 | D:6      | Slain by a chaos spawn

Illustrated notes

Levels and vault maps discovered:
D:1:      onia_arrival_pyramid, layout_basic, item_on_display_a
D:2:      layout_basic, serial_shops, nicolae_shop_hallway_plus, serial_forest,
          infiniplex_forest_zigzag_1, infiniplex_forest_clump_small,
          infiniplex_forest_clump_cross, infiniplex_forest_lined_room_2,
          infiniplex_forest_3_way, infiniplex_forest_clump_small,
          infiniplex_forest_clump_cross, infiniplex_forest_straight_1,
          infiniplex_forest_clump_C, infiniplex_forest_clump_C
D:3:      layout_loops_corners, lemuel_tele_altar, zin_statuary,
          shapermc_ecumenical_altar_starsandcircs, kennysheep_donut
D:4:      minmay_goblin_kobold_castle, layout_loops_ring,
          mainiacjoe_overflow_alcove_4, gammafunk_temple_overflow_arena
D:5:      layout_basic, minmay_crystal_room, minmay_pentangle, uniq_ijyb
D:6:      wander_river, layout_gridville, nicolae_overflow_hidden_temple,
          nicolae_ashenzari_skybound, temple_green, serial_shops,
          nicolae_shop_window_shopping, lexackson_kobold_supper
D:7:      layout_basic, minitemple, gammafunk_ghost_icy
Temple:   hellmonk_temple_of_storms

Skill      XL: |  1  2  3  4  5  6  7  8  9 |
---------------+----------------------------+-----
Stealth        | 1 2 3 4 5 6 8 11 12 | 12.6
Hexes          | 4 |  4.0
Fighting       | 1 2 3 4 |  4.7
Ranged Weapons | 3 4 5 7 8 |  8.5
Translocations | 2 4 |  4.0
Dodging        | |  2.6
Spellcasting   | |  1.3

Action                   |  1- 3 |  4- 6 |  7- 9 || total
-------------------------+-------+-------+-------++-------
Melee: Sling             |       |     2 |     1 ||     3
 Fire: Sling             |   130 |   322 |   557 ||  1009
 Cast: Slow              |     2 |     7 |    46 ||    55
Evoke: Wand              |       |       |     2 ||     2
  Use: Scroll            |     4 |     1 |     5 ||    10
       Potion            |       |     2 |       ||     2
Armor: Robe              |     6 |     4 |    33 ||    43
Dodge: Dodged            |    70 |   113 |   215 ||   398
